 Dungeon Crawl Stone Soup version 0.29-a0-459-g97dee8cd24 (webtiles) character file.

Game seed: 8056844755884657298

20 spaghetti the Carver (level 2, -2/29 HPs)
             Began as a Gnoll Wanderer on May 20, 2022.
             Slain by a gnoll
             ... wielding a +0 flail
              (5 damage)
             ... on level 2 of the Dungeon.
             The game lasted 00:01:20 (1040 turns).

spaghetti the Carver (Gnoll Wanderer)               Turns: 1040, Time: 00:01:20

Health: -2/29      AC:  3    Str: 10 (11) XL:     2   Next: 79%
Magic:  5/5        EV: 12    Int:  7 (8)  God:
Gold:   36         SH:  0    Dex: 13 (14) Spells: 5/6 levels left

rFire   + . .      SeeInvis .   a - +3 falchion {long}
rCold   + . .      Faith    .   (no shield)
rNeg    . . .      Spirit   .   c - +0 leather armour
rPois   +          Reflect  .   (no helmet)
rElec   +          Harm     .   (no cloak)
rCorr   +          Rampage  .   (no gloves)
Will    .....                   (no boots)
Stlth   +.........              (no amulet)
HPRegen 0.09/turn               (no ring)
MPRegen 0.09/turn               (no ring)

@: resistant
A: fangs 1, strong nose, distributed training
a: no special abilities


You were on level 2 of the Dungeon.
You visited 1 branch of the dungeon, and saw 2 of its levels.

You collected 36 gold pieces.


Innate Abilities, Weirdness & Mutations

You have very sharp teeth.
Your uncanny sense of smell can sniff out nearby items.
Your experience applies equally to all skills.


   Skills:
 + Level 6.5 Fighting
 + Level 0.5 Short Blades
 + Level 8.5 Long Blades
 + Level 0.5 Axes
 + Level 0.5 Maces & Flails
 + Level 0.5 Polearms
 + Level 0.5 Staves
 + Level 0.5 Slings
 + Level 0.5 Bows
 + Level 0.5 Crossbows
 + Level 0.5 Throwing
 + Level 0.5 Armour
 + Level 2.5 Dodging
 + Level 0.5 Stealth
 + Level 0.5 Shields
 + Level 0.5 Unarmed Combat
 + Level 2.7 Spellcasting
 + Level 0.3 Conjurations
 + Level 0.3 Hexes
 + Level 0.3 Summonings
 + Level 0.3 Necromancy
 + Level 0.3 Translocations
 + Level 0.3 Transmutations
 + Level 2.0 Fire Magic
 + Level 0.3 Ice Magic
 + Level 0.3 Air Magic
 + Level 0.3 Earth Magic
 + Level 0.3 Poison Magic
 + Level 0.6 Invocations
 + Level 0.5 Evocations


You had 5 spell levels left.
You knew the following spells:

 Your Spells              Type           Power      Damage    Failure   Level
a - Foxfire               Conj/Fire      8%         2x1d4     30%         1

Your spell library contained the following spells:

 Spells                   Type           Power      Damage    Failure   Level
 Ignite Poison            Fire/Tmut/Pois 2%         N/A       69%         3

Inventory:

Hand Weapons
 a - a +3 falchion (weapon) {long}
Missiles
 h - 18 stones {throwing}
Armour
 c - a +0 leather armour (worn)
Scrolls
 e - a scroll of amnesia {unknown}
 f - a scroll of identify {unknown}
Potions
 b - a potion of invisibility
 d - a potion of degeneration {!q@e2}

Dungeon Overview and Level Annotations

Branches:
Dungeon (2/15)

Altars:

Shops:
D:1 =([(

#####.#
#.###
......#
#...#
#######
###.# #
#.# #
#.# #
#.# #
#.# # ≈
#.# #
♣♣♣≈≈
#@#
#♣♣≈P≈≈≈
#g#
PP≈≈≈≈≈≈
≈..
≈≈≈≈≈≈≈≈
≈P♣..
≈≈≈P≈≈≈≈


gP. $.. .P≈≈≈≈.≈ .... ...# ###..... ..... ...# ###..... (....≈ P♣## ......≈≈ You
could see 2 gnolls.


Message History

No target in view!
h - 18 stones {throwing} Key pressed, stopping explore.
You see here a +0 great mace {mace}.
Key pressed, stopping explore.
Done exploring. 😎 HP[+1]
Your hp is fully restored (29).
Done exploring.
Done exploring.
(D) Dungeon
Where to? (? - help)
There is a stone staircase leading down here.
You climb downwards.
The frilled lizard hisses angrily.
There is a stone staircase leading up here.
A frilled lizard is nearby!
Unknown command.
A frilled lizard is nearby!
A frilled lizard is nearby!
You hit the frilled lizard.
You kill the frilled lizard!
Key pressed, stopping explore.
Found a stone staircase leading down.
There is a stone staircase leading down here.
You enter the shallow water.
Moving in this stuff is going to be slow.
You see here a +0 robe.
A ball python comes into view.
The helpless ball python fails to defend itself.
You slash the ball python!
You kill the ball python!
No target in view!
No target in view!
No target in view!
No target in view!
No target in view!
No target in view!
No target in view!
No target in view!
No target in view!
Found a stone staircase leading up.
There is a stone staircase leading up here.
There is a stone staircase leading up here.
You see here a ball python corpse.
A giant cockroach comes into view.
A giant cockroach is nearby!
A giant cockroach is nearby!
You hit the giant cockroach. The giant cockroach bites you. 😕 HP[-1]
You take 1 damage, and now have 28/29 hp.
You closely miss the giant cockroach. The giant cockroach barely misses you.
You completely miss the giant cockroach.
The giant cockroach bites you but does no damage.
You slash the giant cockroach!
You kill the giant cockroach!
No target in view!
No target in view!
No target in view!
No target in view!
No target in view!
No target in view!
No target in view!
No target in view!
You see here a giant cockroach corpse.
A ball python comes into view.
The ball python hisses angrily.
You hear a shout! 😎 HP[+1]
Your hp is fully restored (29).
A ball python is nearby!
A ball python is nearby!
A gnoll comes into view. It is wielding a +0 flail.
You slash the ball python!
You kill the ball python!
You hear a shout!
You hear a splashing noise.
The gnoll barely misses you.
You see here a ball python corpse.
You hit the gnoll.
You hear a splashing noise.
The gnoll closely misses you.
You slash the gnoll!
The gnoll hits you with a +0 flail! 😮 HP[-12]
You take 12 damage, and now have 17/29 hp.
MASSIVE DAMAGE!! (PAUSE)
You completely miss the gnoll. You hit the gnoll.
The gnoll completely misses you.
It was a potion of degeneration.
There was something very wrong with that liquid.
You feel weakened.
You feel dopey.
You feel clumsy. The gnoll hits you with a +0 flail!
* * * LOW HITPOINT WARNING * * *
A gnoll comes into view. It is wielding a +0 club. 😱 HP[-14]
You take 14 damage, and now have 3/29 hp.
MASSIVE DAMAGE!! (PAUSE) It was a potion of resistance.
You feel protected. The gnoll hits you with a +0 flail.
You die...

Skill      XL: |  1 |
---------------+----+-----
Fire Magic     | 2 |  2.0
Fighting       | |  6.5
Short Blades   | |  0.5
Long Blades    | |  8.5
Axes           | |  0.5
Maces & Flails | |  0.5
Polearms       | |  0.5
Staves         | |  0.5
Slings         | |  0.5
Bows           | |  0.5
Crossbows      | |  0.5
Throwing       | |  0.5
Armour         | |  0.5
Dodging        | |  2.5
Stealth        | |  0.5
Shields        | |  0.5
Unarmed Combat | |  0.5
Spellcasting   | |  2.7
Conjurations   | |  0.3
Hexes          | |  0.3
Summonings     | |  0.3
Necromancy     | |  0.3
Translocations | |  0.3
Transmutations | |  0.3
Ice Magic      | |  0.3
Air Magic      | |  0.3
Earth Magic    | |  0.3
Poison Magic   | |  0.3
Invocations    | |  0.6
Evocations     | |  0.5

Action                   || total
-------------------------++-------
Melee: Falchion          ||    39
  Use: Potion            ||     2
 Stab: Sleeping          ||     2
Armor: Leather armour    ||     7
Dodge: Dodged            ||    18

Levels and vault maps discovered:
D:1:      ldierk_walled_garden_2, layout_loops_ring, serial_shops,
          shop_fountains, nicolae_shop_stone, shop, nicolae_lakefront_shop,
          corexii_corridor_pit
D:2:      layout_loops_ring, serial_bayou, serial_bayou_lake_a,
          serial_bayou_crossing, serial_bayou_ford_a, serial_bayou_pond_d

Notes
Turn   | Place    | Note
-------+----------+-------------------------------------------
     0 | D:1      | spaghetti the Gnoll Wanderer began the quest for the Orb.
     0 | D:1      | spaghetti set off with the following items: a +3 falchion
                  | {long}, a potion of invisibility, a +0 leather armour; and
                  | the following spell memorised: Foxfire; and the following
                  | spells available to memorise: Ignite Poison
     0 | D:1      | Reached XP level 1. HP: 23/23 MP: 4/4
     0 | D:1      | magus.rc [v1.9.6]
    92 | D:1      | Found Modghi's Antique Weapon Emporium.
   101 | D:1      | Reached skill level 2 in Fire Magic
   110 | D:1      | Found Vitsory's Jewellery Boutique.
   150 | D:1      | Reached XP level 2. HP: 29/29 MP: 5/5
   150 | D:1      | Found Zawouzil's Antique Armour Shop.
   295 | D:1      | Found Feuvaoso's Antique Weapon Emporium.
  1039 | D:2      | HP: 3/29 [gnoll/+0 flail (14)]
  1040 | D:2      | Slain by a gnoll

Vanquished Creatures
  2 bats (D:1)
  3 endoplasms (D:1)
  2 giant cockroaches
  A goblin (D:1)
  A hobgoblin (D:1)
  A quokka (D:1)
  4 ball pythons
  A frilled lizard (D:2)
  A kobold (D:1)
  3 rats (D:1)
19 creatures vanquished.

Vanquished Creatures (others)
  2 plants (D:2)
  4 toadstools (D:1)
6 creatures vanquished.

Grand Total: 25 creatures vanquished

Table legend:
 A = Non-vault XP
 B = Vault XP
 C = Vault XP percentage of total XP
 D = Non-vault monster count
 E = Vault monster count
 F = Vault count percentage of total count
                 A         B        C        D         E       F
            +---------+---------+-------+---------+---------+-------
      Total |      29 |       0 |   0.0 |      19 |       0 |   0.0
            +---------+---------+-------+---------+---------+-------
        D:1 |      24 |       0 |   0.0 |      15 |       0 |   0.0
        D:2 |       5 |       0 |   0.0 |       4 |       0 |   0.0
            +---------+---------+-------+---------+---------+-------

Illustrated notes

Table legend:
 A = Kills in this place as a percentage of kills in entire the game.
 B = Kills by you in this place as a percentage of kills by you in the entire game.
 C = Kills by friends in this place as a percentage of kills by friends in the entire game.
 D = Other kills in this place as a percentage of other kills in the entire game.
 E = Experience gained in this place as a percentage of experience gained in the entire game.
 F = Experience gained in this place divided by the number of levels of this place that you have seen.
                   A       B       C       D       E      F
               +-------+-------+-------+-------+-------+----------------------
         Total | 100.0 | 100.0 |   N/A |   N/A | 100.0 |  14.5
       Dungeon | 100.0 | 100.0 |   N/A |   N/A | 100.0 |  14.5
               +-------+-------+-------+-------+-------+----------------------

Table legend: (Time is in decaauts)
 A = Elapsed time spent in this place.
 B = Non-inter-level travel time spent in this place.
 C = Inter-level travel time spent in this place.
 D = Time resting spent in this place.
 E = Time spent auto-exploring this place.
 F = Levels seen in this place.
 G = Mean time per level.
                   A        B        C        D        E       F      G
               +--------+--------+--------+--------+--------+-----+--------+
         Total |   1041 |   1010 |     31 |      0 |    905 |   2 |  520.5 |
       Dungeon |   1041 |   1010 |     31 |      0 |    905 |   2 |  520.5 |
               +--------+--------+--------+--------+--------+-----+--------+

Top non-repeatable levels by time:
     D:1: 862 daAuts
     D:2: 178 daAuts
